 Dungeon Crawl Stone Soup version 0.30-a0-737-gf23d94013f (webtiles) character file.

Game seed: 2336776263751796512

245 NinjaNoafa the Twirler (level 6, -2/51 HPs)
             Began as a Ghoul Gladiator on Feb 1, 2023.
             Was a Believer of Lugonu.
             Killed from afar by a gnoll bouda (15 damage)
             ... with a bolt of dispelling energy
             ... on level 4 of the Dungeon.
             The game lasted 00:07:56 (2803 turns).

NinjaNoafa the Twirler (Ghoul Gladiator)            Turns: 2803, Time: 00:07:57

Health: -2/51      AC: 14    Str: 20    XL:     6   Next: 10%
Magic:  6/7        EV:  6    Int:  3    God:    Lugonu [**....]
Gold:   166        SH:  0    Dex: 10    Spells: 5/5 levels left

rFire   . . .      SeeInvis .    a - +0 quarterstaff
rCold   + . .      Faith    .    (shield currently unavailable)
rNeg    + + +      Spirit   .    n - +0 plate armour
rPois   ∞          Reflect  .    c - +0 helmet
rElec   .          Harm     .    (no cloak)
rCorr   +          Rampage  .    k - +0 pair of gloves
Will    .....                    v - +0 pair of boots Stlth
                                 (no amulet)
HPRegen 0.00/turn                q - ring of resist corrosion
MPRegen 0.10/turn                (no ring)

@: inhibited regen
A: claws 1, cold resistance 1, negative energy resistance 3, inhibited
regeneration, torment resistance 2, devour on kill
a: Renounce Religion, Depart the Abyss, Banish


You were on level 4 of the Dungeon.
You worshipped Lugonu.
Lugonu was pleased with you.
You visited 1 branch of the dungeon, and saw 4 of its levels.

You collected 166 gold pieces.

Inventory:

Hand Weapons
 a - a +0 quarterstaff (weapon)
Missiles
 d - 2 throwing nets
 e - a javelin (quivered)
 x - 5 poisoned darts
 z - 4 atropa-tipped darts
 A - 2 boomerangs
Armour
 c - a +0 helmet (worn)
 k - a +0 pair of gloves (worn)
 n - a +0 plate armour (worn)
 v - a +0 pair of boots (worn)
Jewellery
 q - a ring of resist corrosion (left hand)
Wands
 y - a wand of quicksilver (14)
Scrolls
 b - a scroll of poison {unknown}
 f - 2 scrolls of fear {unknown}
 j - 4 scrolls of identify {unknown}
 m - 2 scrolls of magic mapping {unknown}
 p - a scroll of blinking {unknown}
 r - 2 scrolls of teleportation {unknown}
 s - a scroll of amnesia {unknown}
 t - a scroll of enchant weapon {unknown}
 w - a scroll of fog {unknown}
Potions
 g - 3 potions of resistance {unknown}
 h - 2 potions of heal wounds {unknown}
 i - 4 potions of lignification {unknown}
 l - a potion of ambrosia {unknown}
 o - a potion of curing {unknown}
 u - a potion of brilliance {unknown}


   Skills:
 - Level 3.0 Fighting
 + Level 4.3 Staves
 - Level 1.7 Throwing
 + Level 2.2 Armour
 - Level 3.0 Dodging
 + Level 2.7 Invocations


You had 5 spell levels left.
You didn't know any spells.
Your spell library contained the following spells:

 Spells                   Type           Power      Damage    Failure   Level
 Apportation              Tloc           0%         N/A       100%        1
 Alistair's Intoxication  Tmut/Pois      0%         N/A       100%        5


Dungeon Overview and Level Annotations

Branches:
Dungeon (4/15)
 Temple: D:4-7

Altars:
Xom
Lugonu


Innate Abilities, Weirdness & Mutations

You are immune to poison.
You have sharp fingernails.
Your flesh is cold resistant. (rC+)
You are immune to negative energy. (rN+++)
You do not regenerate when monsters are visible.
You are immune to unholy pain and torment.
You thrive by killing the living.


Message History

The phantom is severely damaged.
The gnoll hits you but does no damage.
The gnoll bouda barks out a call to the hunt!
The gnoll picks up the pace!
The phantom hits you.
The phantom blinks!
You blink.
You barely miss the phantom.
The phantom is severely damaged.
The phantom hits you but does no damage.
You hit the phantom but do no damage.
The phantom is severely damaged.
The phantom hits you but does no damage.
You barely miss the phantom.
The phantom is severely damaged.
The gnoll hits you but does no damage.
The phantom hits you but does no damage.
The gnoll is no longer moving quickly.
The gnoll bouda barks out a call to the hunt!
The gnoll picks up the pace!
The phantom attacks as you move away!
The phantom hits you but does no damage.
The gnoll barely misses you.
You sock the gnoll!
The gnoll is severely wounded.
The gnoll hits you with a +0 hand axe.
You sock the gnoll!
You kill the gnoll!
Lugonu accepts your kill.
You feel better.
The gnoll bouda zaps a wand.
The bolt of dispelling energy hits you.
You hit the gnoll bouda but do no damage.
The gnoll bouda zaps a wand.
The bolt of dispelling energy hits you.
You thump the gnoll bouda!
The gnoll bouda is severely wounded.
The gnoll bouda hits you with a +0 whip!
* * * LOW HITPOINT WARNING * * *
The gnoll bouda attacks as you move away!
The gnoll bouda hits you with a +0 whip!
* * * LOW HITPOINT WARNING * * *
The gnoll bouda zaps a wand.
The bolt of dispelling energy hits you!
You die...

#.# #.## ##.....##
##.# #..# ##.......#
#..# ##..###.........
#..####>....'.........
#...........#.........
#.###W......##.......#
#.# #g#.....###.....##
#.# #.#.....# ##...##
#.###@###.### #+##
#.......(.##
#####.####.##
#.###.#.## #.##.###.##
#...## ##.#
####.###.## ##.#.##
#...########


You could see a phantom and a gnoll bouda.

Vanquished Creatures
  An ice beast (D:4)
  A jelly (D:4)
  4 gnolls
  2 adders
  2 worms
  A dart slug (D:1)
  2 orcs (D:3)
  7 ball pythons
  4 endoplasms
  5 giant cockroaches
  3 goblins
  3 hobgoblins (D:1)
  3 jackals
  2 quokkas
  6 bats
  A frilled lizard (D:1)
  11 kobolds
  2 rats (D:2)
60 creatures vanquished.

Notes
Turn   | Place    | Note
-------+----------+-------------------------------------------
     0 | D:1      | NinjaNoafa the Ghoul Gladiator began the quest for the Orb.
     0 | D:1      | Reached XP level 1. HP: 17/17 MP: 0/0
   116 | D:1      | Reached skill level 3 in Staves
   152 | D:1      | Reached XP level 2. HP: 23/24 MP: 1/1
   163 | D:1      | Found a faded altar of an unknown god.
   379 | D:1      | Prayed at the altar of an unknown god.
   379 | D:1      | Became a worshipper of Lugonu the Unformed
   379 | D:1      | Reached * piety under Lugonu
   753 | D:1      | Reached XP level 3. HP: 29/29 MP: 2/2
  1125 | D:2      | Reached ** piety under Lugonu
  1661 | D:3      | Reached skill level 1 in Invocations
  1661 | D:3      | Reached XP level 4. HP: 37/37 MP: 3/3
  1861 | D:3      | Reached skill level 1 in Armour
  1912 | D:3      | Found a shimmering altar of Xom.
  2449 | D:4      | Noticed an ice beast
  2457 | D:4      | Killed an ice beast
  2458 | D:4      | Reached skill level 4 in Staves
  2458 | D:4      | Reached XP level 5. HP: 45/45 MP: 5/5
  2619 | D:4      | Reached XP level 6. HP: 46/51 MP: 6/6
  2803 | D:4      | Killed from afar by a gnoll bouda

Illustrated notes

Levels and vault maps discovered:
D:1:      saegor_arrival_simple_d, layout_loops_ring,
          shapermc_ecumenical_altar_totnotflames
D:2:      layout_rooms
D:3:      layout_basic, lemuel_round_altar, serial_aquarium,
          aquarium_bridge_island_small [aquarium_subvault_small_water,
          aquarium_subvault_bridge, aquarium_subvault_balcony,
          aquarium_subvault_bridge, aquarium_subvault_bridge],
          aquarium_bridge_square [aquarium_subvault_bridge,
          aquarium_subvault_bridge, aquarium_subvault_bridge,
          aquarium_subvault_bridge], aquarium_window_1, aquarium_window_1,
          aquarium_window_1, aquarium_window_1, aquarium_view_2b,
          aquarium_view_2e, aquarium_balcony_5b
D:4:      layout_loops_corners, corexii_item_surrounded_by_moat

Skill      XL: |  1  2  3  4 |
---------------+-------------+-----
Staves         | 3 4 |  4.3
Invocations    | 1 2 |  2.7
Armour         | 2 |  2.2
Dodging        | 3 |  3.0
Fighting       | 3 |  3.0
Throwing       | |  1.7

Action                     |  1- 3 |  4- 6 || total
---------------------------+-------+-------++-------
  Melee: Quarterstaff      |   121 |    93 ||   214
  Throw: Throwing net      |       |     2 ||     2
         Javelin           |       |     1 ||     1
 Armour: Leather armour    |     7 |       ||     7
         Plate armour      |   120 |    71 ||   191
  Dodge: Dodged            |    57 |    33 ||    90

Table legend: (Time is in decaauts)
 A = Elapsed time spent in this place.
 B = Non-inter-level travel time spent in this place.
 C = Inter-level travel time spent in this place.
 D = Time resting spent in this place.
 E = Time spent auto-exploring this place.
 F = Levels seen in this place.
 G = Mean time per level.
                   A        B        C        D        E       F      G
               +--------+--------+--------+--------+--------+-----+--------+
         Total |   2831 |   2658 |    173 |      0 |   1949 |   4 |  707.8 |
       Dungeon |   2831 |   2658 |    173 |      0 |   1949 |   4 |  707.8 |
               +--------+--------+--------+--------+--------+-----+--------+

Top non-repeatable levels by time:
     D:1: 964 daAuts
     D:3: 736 daAuts
     D:2: 644 daAuts
     D:4: 485 daAuts
